 Dungeon Crawl Stone Soup version 0.30-a0-737-gf23d94013f (webtiles) character file.

Game seed: 15218813764880312953

3930 kae the Fencer (level 10, -9/84 HPs)
             Began as a Minotaur Fighter on Feb 1, 2023.
             Was a Believer of Qazlal.
             Mangled by an orc knight
             ... wielding a +0 war axe
              (19 damage)
             ... in a bailey.
             The game lasted 00:06:07 (9007 turns).

kae the Fencer (Minotaur Fighter)                   Turns: 9007, Time: 00:06:08

Health: -9/84      AC:  7    Str: 24    XL:     10   Next: 1%
Magic:  0/9        EV:  9    Int:  5    God:    Qazlal [**....]
Gold:   454        SH:  7    Dex: 11    Spells: 9/9 levels left

rFire   . . .      SeeInvis .    e - +0 double sword (holy) {rare}
rCold   . . .      Faith    .    c - +0 buckler
rNeg    . . .      Spirit   +    b - +1 scale mail
rPois   .          Reflect  .    (helmet restricted)
rElec   .          Harm     .    (no cloak)
rCorr   +          Rampage  .    (no gloves)
Will    .....                    (no boots) Stlth
                                 G - amulet of guardian spirit
HPRegen 0.34/turn                Y - +4 ring of slaying
MPRegen 0.11/turn                R - ring of resist corrosion

@: no status effects
A: horns 2, retaliatory headbutt
a: Renounce Religion, Upheaval


You were in a bailey.
You worshipped Qazlal.
Qazlal was pleased with you.
You visited 2 branches of the dungeon, and saw 9 of its levels.
You also visited: Sewer and Bailey.

You collected 454 gold pieces.


Innate Abilities, Weirdness & Mutations

You have a pair of horns on your head.
You reflexively headbutt those who attack you in melee.


   Skills:
 + Level 6.9 Fighting
 - Level 16.0 Long Blades
 - Level 3.6 Armour
 - Level 3.6 Shields


You had 9 spell levels left.
You didn't know any spells.
Your spell library contained the following spells:

 Spells                   Type           Power      Damage    Failure   Level
 Beastly Appendage        Tmut           0%         N/A       86%         1
 Wereblood                Tmut           0%         N/A       95%         2
 Spider Form              Tmut/Pois      0%         N/A       99%         3
 Summon Guardian Golem    Hex/Summ       0%         N/A       99%         3
 Fireball                 Conj/Fire      0%         3d3       100%        5
 Iskenderun's Battlesphe  Conj           0%         2d6       100%        5
 Conjure Ball Lightning   Conj/Air       0%         3x3d6     100%        6
 Orb of Destruction       Conj           0%         9d5       100%        7
 Spellforged Servitor     Conj/Summ      0%         N/A       100%        7

Inventory:

Hand Weapons
 a - a +1 long sword
 e - a +0 double sword of holy wrath (weapon) {rare}
   (You acquired it on level 3 of the Dungeon)
Missiles
 f - 70 stones (quivered)
 k - 15 poisoned darts
 y - 7 boomerangs
 C - a javelin
Armour
 b - a +1 scale mail (worn)
 c - a +0 buckler (worn)
Jewellery
 m - an amulet of magic regeneration
   (You found it on level 4 of the Dungeon)
 A - an amulet of the acrobat
   (You found it on level 3 of the Dungeon)
 G - an amulet of guardian spirit (around neck)
   (You found it on level 1 of the Dungeon)
 R - a ring of resist corrosion (right hand)
   (You found it on level 8 of the Dungeon)
 Y - a +4 ring of slaying (left hand)
   (You found it on level 4 of the Dungeon)
Wands
 r - a wand of flame (46)
   (You took it off Grinder on level 5 of the Dungeon)
 w - a wand of digging (8)
   (You found it on level 6 of the Dungeon)
 B - a wand of quicksilver (3)
   (You found it on level 7 of the Dungeon)
 E - a wand of paralysis (8)
   (You found it on level 8 of the Dungeon)
Scrolls
 i - 3 scrolls of immolation {!r!r}
 o - 2 scrolls of poison {!r}
 p - 4 scrolls of teleportation {@r4}
 q - a scroll of enchant weapon
 t - 2 scrolls of enchant armour
 u - 4 scrolls of identify {@r1}
 x - a scroll of blinking {!r}
Potions
 d - a potion of might
 g - a potion of haste {@q3}
 h - a potion of degeneration {!q}
 j - 2 potions of mutation {!q}
 n - 6 potions of curing {@q1}
 s - 7 potions of flight
 v - a potion of lignification {!q}
 z - a potion of brilliance
 D - a potion of cancellation
 F - a potion of ambrosia {unknown}

Dungeon Overview and Level Annotations

Branches:
Dungeon (8/15) Zot: 26743  Temple (1/1) D:4 Zot: 5865   Sewer (visited)
 Bailey (1/1) Zot: 5874
   Lair: D:8-11

Altars:
Ashenzari
Cheibriados
Dithmenos
Elyvilon
Fedhas
Gozag
Hepliaklqana
Kikubaaqudgha
Nemelex Xobeh
Okawaru
Qazlal
Ru
Sif Muna
Trog
Uskayaw
Vehumet
Wu Jian
Xom
Yredelemnul
Zin
The Shining One

Shops:
D:2 :   D:7 (

Annotations:
D:4 exclusion: upstairs
D:5 exclusion: upstairs

##.......##)......##
#.......#.........#
##.....##.........##
#######.....⌠.....#
##.........##
#.........#
##.......##
#.......# ##..○@)##
####o## #..)g)#
#.......# #.......#
#.........
#.........#
#.....⌠.....
##.........##


You could see an orc knight and a gnoll.


Message History

You open the door. 2 orcs, 2 gnolls and an orc knight come into view.
The orc shouts!
The gnoll shouts! x2; You hear a shout!
An orc comes into view. It is wielding a +0 war axe.
An orc comes into view. It is wielding a +0 hand axe.
The orc shouts!
You slash the orc!
You kill the orc!
Qazlal accepts your kill.
A hobgoblin comes into view. It is wielding a +0 hand axe.
The orc knight roars a battlecry!
The orcs go into a battle-frenzy!
There is an open door here.
Things that are here:
a +0 hand axe; a +0 leather armour; an orc corpse
There are monsters nearby!
You slice the hobgoblin!!
You kill the hobgoblin!
Qazlal accepts your kill.
You closely miss the orc. You headbutt the orc, but do no damage.
The orc hits you with a +0 hand axe!
There are monsters nearby!
You slash the gnoll!
You kill the gnoll!
Qazlal accepts your kill.
You barely miss the orc. The orc hits you with a +0 hand axe!
There are monsters nearby!
You hit the orc. You headbutt the orc.
You kill the orc!
Qazlal accepts your kill. The orc hits you with a +0 war axe.
You barely miss the orc. The orc hits you but does no damage.
The orc hits you with a +0 hand axe! 😮 HP[-24] MP[-3]
You take 24 damage, and now have 60/84 hp.
MASSIVE DAMAGE!! (PAUSE)
You lost 3 mp, and now have 6/9 mp.
The orc attacks as you move away! You block the orc's attack.
You closely miss the orc. Your headbutt misses the orc. You slash the orc!
You kill the orc!
Qazlal accepts your kill. 😮 HP[+1]
You hit the orc. You block the orc's attack.
You slice the orc!!
You kill the orc!
Qazlal accepts your kill. The orc knight closely misses you.
You furiously retaliate!
You headbutt the orc knight! You barely miss the orc knight.
Your headbutt misses the orc knight. 😮 HP[+1]
You closely miss the orc knight.
The orc knight hits you with a +0 war axe!
You are too injured to fight recklessly! 😮 HP[-12] MP[-1]
You take 12 damage, and now have 50/84 hp.
You lost 1 mp, and now have 5/9 mp.
You are too injured to fight recklessly!
You are too injured to fight recklessly!
You are too injured to fight recklessly!
You are too injured to fight recklessly!
You slash the orc knight!
You headbutt the orc knight, but do no damage.
The orc knight barely misses you. 😮 MP[+1] Unknown command.
You hit the orc knight. You block the orc knight's attack.
Unknown command.
You hit the orc knight.
The orc knight hits you with a +0 war axe!
* * * LOW HITPOINT WARNING * * *
😨 HP[-9] MP[-2]
You take 9 damage, and now have 41/84 hp.
You lost 2 mp, and now have 4/9 mp.
You closely miss the orc knight.
Unknown command.
You slash the orc knight! You headbutt the orc knight.
The orc knight hits you with a +0 war axe!!
* * * LOW HITPOINT WARNING * * *
😱 HP[-21] MP[-2]
You take 21 damage, and now have 20/84 hp.
MASSIVE DAMAGE!! (PAUSE)
You lost 2 mp, and now have 2/9 mp.
Unknown command.
You slash the orc knight! Your headbutt misses the orc knight.
The orc knight hits you with a +0 war axe!
* * * LOW HITPOINT WARNING * * *
😱 HP[-13] MP[-1]
You take 13 damage, and now have 7/84 hp.
You lost 1 mp, and now have 1/9 mp.
Unknown command.
You feel much better.
The orc knight hits you with a +0 war axe!
* * * LOW HITPOINT WARNING * * *
😱 HP[+3]
You regained 3 hp, and now have 10/84 hp.
Unknown command.
You hit the orc knight but do no damage.
The orc knight hits you with a +0 war axe!!
You die...

Skill      XL: |  1  2  3  4  5  6  7  8  9 |
---------------+----------------------------+-----
Long Blades    | 3 4 5 6 8 9 11 14 16 | 16.0
Fighting       | 6 |  6.9
Armour         | |  3.6
Shields        | |  3.6

Action                     |  1- 3 |  4- 6 |  7- 9 | 10-12 || total
---------------------------+-------+-------+-------+-------++-------
  Melee: Long sword        |    78 |       |       |       ||    78
         Headbutt          |    10 |    15 |    34 |     6 ||    65
         Double sword      |     6 |   144 |   260 |    27 ||   437
    Use: Scroll            |     8 |     5 |     9 |       ||    22
         Potion            |       |       |       |     1 ||     1
 Armour: Scale mail        |    48 |    81 |    86 |     1 ||   216
  Dodge: Dodged            |    39 |    87 |    78 |     4 ||   208
  Block: Buckler           |    15 |    39 |    57 |     5 ||   116

Levels and vault maps discovered:
D:1:      minmay_arrival_nine_rooms, layout_basic,
          shapermc_ecumenical_altar_notcrosses
D:2:      minmay_angry_zag, layout_loops_ring, minmay_hedge_maze,
          nicolae_shop_vocational
D:3:      layout_loops_ring, nicolae_overflow_ecumenical_swirl,
          mainiacjoe_overflow_cross_hatched, dreamdust_wishing_well
D:4:      layout_loops_ring, mainiacjoe_overflow_chevrons,
          minmay_temple_entry_from_below_a, portal_sewer_entry_f,
          uniq_eustachio, uniq_robin
D:5:      layout_basic, mainiacjoe_overflow_small_starburst,
          roderic_st_hans_cross, uniq_grinder
D:6:      layout_loops_ring, kennysheep_mini, fountainhead,
          dreamdust_princess_corridor, nicolae_kite_square_tiling_tiny,
          kennysheep_generic_room_6, uniq_maggie, uniq_pikel
D:7:      layout_basic, tso_metal_star,
          chequers_temple_overflow_statue_of_worship, abandoned_shop,
          minmay_crystal_water, nicolae_shop_firing_range, uniq_prince_ribbit1,
          uniq_duvessa
D:8:      layout_loops_cross, makhleb_blood_cavern_becter, enter_bailey_6,
          uniq_joseph
Temple:   compressed_dpeg_triangle_lava_temple
Bailey:   bailey_axe_minmay_hex_keep, bailey

Notes
Turn   | Place    | Note
-------+----------+-------------------------------------------
     0 | D:1      | kae the Minotaur Fighter began the quest for the Orb.
     0 | D:1      | Reached XP level 1. HP: 19/19 MP: 0/0
     0 | D:1      | magus.rc [v1.11.3]
    84 | D:1      | Reached skill level 3 in Long Blades
   230 | D:1      | Reached XP level 2. HP: 20/26 MP: 1/1
   595 | D:1      | You pick up a book of Changes and begin reading...
   595 | D:1      | You add the spells Beastly Appendage, Wereblood and Spider
                  | Form to your library.
   680 | D:1      | You pick up a book of Dangerous Friends and begin
                  | reading...
   680 | D:1      | You add the spells Summon Guardian Golem, Orb of
                  | Destruction and Spellforged Servitor to your library.
   953 | D:1      | Found a faded altar of an unknown god.
  1009 | D:2      | HP: 5/26 [worm (9)]
  1012 | D:2      | Reached skill level 4 in Long Blades
  1213 | D:2      | Reached XP level 3. HP: 31/31 MP: 2/2
  1582 | D:2      | Found Ochar's Vocational Training.
  1908 | D:3      | Identified a scroll of acquirement
  1910 | D:3      | Acquired a +0 double sword of holy wrath
  1911 | D:3      | e - a +0 double sword of holy wrath {rare}
  1923 | D:3      | your +0 double sword of holy wrath {rare} softly glows with
                  | a divine radiance!
  1923 | D:3      | e - a +0 double sword of holy wrath (weapon) {rare}
  1926 | D:3      | Found a hazy altar of Hepliaklqana.
  1958 | D:2      | Reached skill level 5 in Long Blades
  1958 | D:2      | Reached XP level 4. HP: 18/39 MP: 3/3
  2051 | D:3      | Reached skill level 6 in Long Blades
  2082 | D:3      | Reached XP level 5. HP: 14/45 MP: 4/4
  2402 | D:3      | You pick up a book of the Spheres and begin reading...
  2402 | D:3      | You add the spells Iskenderun's Battlesphere, Fireball and
                  | Conjure Ball Lightning to your library.
  2662 | D:3      | Found a faded altar of an unknown god.
  2665 | D:3      | Found an ancient bone altar of Kikubaaqudgha.
  2880 | D:4      | Found an opulent altar of Gozag.
  2904 | D:4      | Noticed Eustachio
  2948 | D:4      | Killed Eustachio
  2949 | D:4      | Reached skill level 8 in Long Blades
  2949 | D:4      | Reached XP level 6. HP: 40/51 MP: 5/5
  3030 | D:4      | Found a staircase to the Ecumenical Temple.
  3030 | D:4      | Noticed Robin
  3408 | D:4      | Found a glowing drain.
  3448 | Sewer    | Entered a sewer
  3620 | Sewer    | Reached skill level 9 in Long Blades
  3880 | Sewer    | Reached XP level 7. HP: 57/57 MP: 6/6
  4397 | D:5      | Entered Level 5 of the Dungeon
  4409 | D:5      | Noticed Grinder
  4413 | D:5      | Killed Grinder
  4414 | D:5      | Reached skill level 10 in Long Blades
  4497 | D:5      | Reached skill level 11 in Long Blades
  4574 | D:5      | Reached XP level 8. HP: 64/64 MP: 7/7
  4628 | D:5      | HP: 15/64 [orc priest/divine providence (11)]
  4633 | D:5      | HP: 11/64 [orc priest/+0 falchion (6)]
  4999 | D:5      | Killed Robin
  5033 | Temple   | Entered the Ecumenical Temple
  5158 | Temple   | Became a worshipper of Qazlal Stormbringer
  5244 | D:5      | Reached skill level 12 in Long Blades
  5477 | D:5      | Found a shimmering altar of Xom.
  6060 | D:6      | Noticed Maggie
  6070 | D:6      | Killed Maggie
  6071 | D:6      | Reached skill level 13 in Long Blades
  6399 | D:6      | Reached * piety under Qazlal
  6440 | D:6      | Reached skill level 14 in Long Blades
  6440 | D:6      | Reached XP level 9. HP: 70/70 MP: 8/8
  6464 | D:6      | Noticed Pikel
  6496 | D:6      | Killed Pikel
  6814 | D:6      | Reached skill level 15 in Long Blades
  7019 | D:6      | Found a radiant altar of Vehumet.
  7136 | D:7      | Noticed Dowan
  7136 | D:7      | Noticed Duvessa
  7140 | D:7      | Killed Dowan
  7145 | D:7      | Killed Duvessa
  7464 | D:7      | Found Voqeemor's Firing Range.
  7514 | D:7      | Noticed Prince Ribbit
  7523 | D:7      | Killed Prince Ribbit
  7524 | D:7      | Reached skill level 16 in Long Blades
  7540 | D:7      | Reached skill level 4 in Fighting
  7941 | D:7      | Reached skill level 5 in Fighting
  8004 | D:7      | Found a glowing silver altar of Zin.
  8004 | D:7      | Found a bloodstained altar of Trog.
  8237 | D:7      | Found a glowing golden altar of the Shining One.
  8354 | D:7      | Reached ** piety under Qazlal
  8827 | D:8      | Reached skill level 6 in Fighting
  8863 | D:8      | Found a flagged portal.
  8872 | Bailey   | Entered a bailey
  8967 | Bailey   | Reached XP level 10. HP: 84/84 MP: 9/9
  8984 | Bailey   | Noticed an orc knight
  9004 | Bailey   | HP: 20/84 [orc knight/+0 war axe (21)]
  9005 | Bailey   | HP: 7/84 [orc knight/+0 war axe (13)]
  9007 | Bailey   | Mangled by an orc knight

Vanquished Creatures
  Pikel (D:6)
  Maggie (D:6)
  Prince Ribbit (D:7)
  Grinder (D:5)
  Eustachio (D:4)
  A water moccasin (D:5)
  2 orc warriors (Bailey)
  Duvessa (D:7)
  A sky beast (D:7)
  An ice beast (D:5)
  2 black bears
  3 ogres
  A kobold brigand (D:7)
  3 bullfrogs
  A scorpion (D:6)
  2 necrophages
  Dowan (D:7)
  4 killer bees (D:8)
  An electric eel (D:7)
  A gnoll bouda (D:7)
  5 orc priests
  3 hounds
  A jelly (D:7)
  2 iguanas
  7 orc wizards
  Robin (D:5)
  14 gnolls
  3 river rats (Sewer)
  10 adders
  A white imp (D:6)
  An ufetubus (D:7)
  4 worms
  A dart slug (D:5)
  31 orcs
  9 bats
  6 endoplasms
  4 giant cockroaches
  20 goblins
  9 hobgoblins
  9 jackals
  9 quokkas
  15 ball pythons
  4 frilled lizards
  7 kobolds
  4 rats
210 creatures vanquished.

Table legend:
 A = Non-vault XP
 B = Vault XP
 C = Vault XP percentage of total XP
 D = Non-vault monster count
 E = Vault monster count
 F = Vault count percentage of total count
                 A         B        C        D         E       F
            +---------+---------+-------+---------+---------+-------
      Total |    3000 |    2615 |  46.6 |     136 |      74 |  35.2
            +---------+---------+-------+---------+---------+-------
        D:1 |      26 |       0 |   0.0 |      16 |       0 |   0.0
        D:2 |      77 |       4 |   4.9 |      17 |       3 |  15.0
        D:3 |     139 |       0 |   0.0 |      24 |       0 |   0.0
        D:4 |     192 |     210 |  52.2 |      10 |      14 |  58.3
        D:5 |     869 |     292 |  25.2 |      17 |       7 |  29.2
        D:6 |     580 |    1131 |  66.1 |      20 |       4 |  16.7
        D:7 |     815 |     501 |  38.1 |      24 |       3 |  11.1
        D:8 |     302 |       0 |   0.0 |       8 |       0 |   0.0
      Sewer |       0 |     127 | 100.0 |       0 |      26 | 100.0
     Bailey |       0 |     350 | 100.0 |       0 |      17 | 100.0
            +---------+---------+-------+---------+---------+-------

Illustrated notes

Table legend:
 A = Kills in this place as a percentage of kills in entire the game.
 B = Kills by you in this place as a percentage of kills by you in the entire game.
 C = Kills by friends in this place as a percentage of kills by friends in the entire game.
 D = Other kills in this place as a percentage of other kills in the entire game.
 E = Experience gained in this place as a percentage of experience gained in the entire game.
 F = Experience gained in this place divided by the number of levels of this place that you have seen.
                   A       B       C       D       E      F
               +-------+-------+-------+-------+-------+----------------------
         Total | 100.0 | 100.0 |   N/A |   N/A | 100.0 | 510.5
       Dungeon |  79.5 |  79.5 |   N/A |   N/A |  91.5 | 642.2
         Sewer |  12.4 |  12.4 |   N/A |   N/A |   2.3 | 127.0
        Bailey |   8.1 |   8.1 |   N/A |   N/A |   6.2 | 350.0
               +-------+-------+-------+-------+-------+----------------------

Table legend: (Time is in decaauts)
 A = Elapsed time spent in this place.
 B = Non-inter-level travel time spent in this place.
 C = Inter-level travel time spent in this place.
 D = Time resting spent in this place.
 E = Time spent auto-exploring this place.
 F = Levels seen in this place.
 G = Mean time per level.
                   A        B        C        D        E       F      G
               +--------+--------+--------+--------+--------+-----+--------+
         Total |   9181 |   8848 |    333 |    197 |   7430 |  11 |  834.6 |
       Dungeon |   8072 |   7759 |    313 |    197 |   6553 |   8 | 1009.0 |
        Temple |    134 |    114 |     20 |      0 |    104 |   1 |  134.0 |
         Sewer |    849 |    849 |      0 |      0 |    695 |   1 |  849.0 |
        Bailey |    125 |    125 |      0 |      0 |     78 |   1 |  125.0 |
               +--------+--------+--------+--------+--------+-----+--------+

Top non-repeatable levels by time:
     D:7: 1458 daAuts
     D:6: 1275 daAuts
     D:5: 1270 daAuts
     D:2: 1015 daAuts
     D:1: 995 daAuts
     D:3: 904 daAuts
     D:4: 896 daAuts
   Sewer: 849 daAuts
     D:8: 256 daAuts
  Temple: 134 daAuts
  Bailey: 125 daAuts
